TOP OF THE 1ST |
Seattle Mariners batting - Pitching for Detroit Tigers : RHP Franklin Rojas
|
Pitching: RHP Franklin Rojas
|
|
Batting: LHB Dae-ik Yoon
|
0-0: Ground out 6-3 (Groundball, 6, EV 106.9 MPH)
|
Batting: SHB Floyd-William Goof
|
0-0: Ball 1-0: Called Strike 1-1: Foul Ball, location: 2F 1-2: Strikes out swinging
|
Batting: SHB Tze-meng Gan
|
0-0: Ball 1-0: Ball 2-0: Called Strike 2-1: Ground out 6-3 (Groundball, 6, EV 101.3 MPH)
|
Top of the 1st over - 0 runs, 0 hits, 0 errors, 0 left on base; Seattle 0 - Detroit 0 |
BOTTOM OF THE 1ST |
Detroit Tigers batting - Pitching for Seattle Mariners : LHP Angel Contreras
|
Pitching: LHP Angel Contreras
|
|
Batting: RHB Greg Harman
|
0-0: Swinging Strike 0-1: Ball 1-1: Swinging Strike 1-2: Ground out U3 (Groundball, 34, EV 80.0 MPH)
|
Batting: RHB Ryan Neal
|
0-0: Called Strike 0-1: DOUBLE (Flyball, 8RXD, EV 99.4 MPH)
|
Batting: SHB Phil Zacharia
|
0-0: SINGLE (Groundball, 5S, EV 65.6 MPH) (infield hit) Ryan Neal to third
|
Batting: LHB Morgan Black
|
0-0: Swinging Strike 0-1: Foul Ball, location: 2F 0-2: Ball 1-2: Ball 2-2: Foul Ball, location: 2F 2-2: Foul Ball, location: 2F 2-2: Strikes out swinging
|
Batting: RHB Victor Quinones
|
0-0: Called Strike 0-1: Foul Ball, location: 2F 0-2: Strikes out swinging
|
Bottom of the 1st over - 0 runs, 2 hits, 0 errors, 2 left on base; Seattle 0 - Detroit 0 |
TOP OF THE 2ND |
Seattle Mariners batting - Pitching for Detroit Tigers : RHP Franklin Rojas
|
Batting: RHB Jose Vasquez
|
0-0: Foul Ball, location: 2F 0-1: Ground out 5-3 (Groundball, 5L, EV 99.4 MPH)
|
Batting: LHB Cliff Thomas
|
0-0: Called Strike 0-1: Ball 1-1: Foul Ball, location: 2F 1-2: Ball 2-2: Ball 3-2: SINGLE (Groundball, 4MD, EV 108.8 MPH)
|
Batting: RHB Corey Ottinger
|
0-0: Ball 1-0: Ball 2-0: SINGLE (Line Drive, 9S, EV 101.3 MPH) Cliff Thomas to second
|
Batting: RHB Ivan Colon
|
0-0: Ball 1-0: Called Strike 1-1: Foul Ball, location: 2F 1-2: Ball 2-2: Grounds into double play, 6-4-3 (Groundball, 6, EV 84.4 MPH)
|
Top of the 2nd over - 0 runs, 2 hits, 0 errors, 1 left on base; Seattle 0 - Detroit 0 |
BOTTOM OF THE 2ND |
Detroit Tigers batting - Pitching for Seattle Mariners : LHP Angel Contreras
|
Batting: RHB Luke Feeney
|
0-0: Ball 1-0: SOLO HOME RUN (Flyball, 7D, EV 107.5 MPH), Distance : 405 ft
|
Batting: RHB Adrian Novakovic
|
0-0: Ball 1-0: SINGLE (Flyball, 6MD, EV 90.0 MPH)
|
Batting: RHB Danny Eberhart
|
0-0: Ball 1-0: Grounds into double play, 4-6-3 (Groundball, 4MD, EV 100.6 MPH)
|
Batting: RHB Zach Koblinski
|
0-0: Foul Ball, location: 2F 0-1: Ball 1-1: Ball 2-1: Foul Ball, location: 2F 2-2: Fly out, F9 (Flyball, 9LS, EV 96.3 MPH)
|
Bottom of the 2nd over - 1 run, 2 hits, 0 errors, 0 left on base; Seattle 0 - Detroit 1 |
TOP OF THE 3RD |
Seattle Mariners batting - Pitching for Detroit Tigers : RHP Franklin Rojas
|
Batting: RHB Young-kwang Ohnn
|
0-0: Called Strike 0-1: Ball 1-1: Foul Ball, location: 2F 1-2: Ball 2-2: Strikes out swinging
|
Batting: RHB Leon Alders
|
0-0: Ground out 5-3 (Groundball, 56, EV 80.6 MPH)
|
Batting: LHB Dae-ik Yoon
|
0-0: Ball 1-0: Foul Ball, location: 2F 1-1: SINGLE (Line Drive, 89S, EV 107.5 MPH)
|
Batting: SHB Floyd-William Goof
|
0-0: Called Strike 0-1: Swinging Strike 0-2: Ball 1-2: Ball 2-2: Fly out, F8 (Flyball, 8LS, EV 91.9 MPH)
|
Top of the 3rd over - 0 runs, 1 hit, 0 errors, 1 left on base; Seattle 0 - Detroit 1 |
BOTTOM OF THE 3RD |
Detroit Tigers batting - Pitching for Seattle Mariners : LHP Angel Contreras
|
Batting: RHB Greg Harman
|
0-0: Foul Ball, location: 2F 0-1: Foul Ball, location: 2F 0-2: Ball 1-2: Ground out 4-3 (Groundball, 4, EV 88.8 MPH)
|
Batting: RHB Ryan Neal
|
0-0: Fly out, F7 (Flyball, 7, EV 86.3 MPH)
|
Batting: SHB Phil Zacharia
|
0-0: Called Strike 0-1: Ball 1-1: Called Strike 1-2: Ball 2-2: Fly out, F8 (Flyball, 8LM, EV 90.0 MPH)
|
Bottom of the 3rd over - 0 runs, 0 hits, 0 errors, 0 left on base; Seattle 0 - Detroit 1 |
TOP OF THE 4TH |
Seattle Mariners batting - Pitching for Detroit Tigers : RHP Franklin Rojas
|
Batting: SHB Tze-meng Gan
|
0-0: Swinging Strike 0-1: Ball 1-1: Ball 2-1: SOLO HOME RUN (Flyball, 9D, EV 98.8 MPH), Distance : 377 ft
|
Batting: RHB Jose Vasquez
|
0-0: Swinging Strike 0-1: Ball 1-1: Called Strike 1-2: Foul Ball, location: 2F 1-2: SINGLE (Groundball, 25, EV 70.6 MPH) (infield hit)
|
Batting: LHB Cliff Thomas
|
0-0: Ball 1-0: Ball 2-0: Called Strike 2-1: Ball 3-1: Base on Balls Jose Vasquez to second
|
Batting: RHB Corey Ottinger
|
0-0: Called Strike 0-1: Ball 1-1: Bunt missed! 1-2: Ball 2-2: Ball 3-2: Foul Ball, location: 2F 3-2: Foul Ball, location: 2F 3-2: Strikes out looking
|
Batting: RHB Ivan Colon
|
0-0: DOUBLE (Line Drive, 7LS, EV 112.5 MPH) Jose Vasquez scores Cliff Thomas to third Runner from 3rd tries for Home, SAFE, throw by LF to trailing runner, SAFE at third!
|
Batting: RHB Young-kwang Ohnn
|
0-0: Called Strike 0-1: Ground out 5-3 (Groundball, 56, EV 106.3 MPH) Ivan Colon scores
|
Batting: RHB Leon Alders
|
0-0: Ball 1-0: Ground out 4-3 (Groundball, 4S, EV 85.0 MPH)
|
Top of the 4th over - 4 runs, 3 hits, 0 errors, 0 left on base; Seattle 4 - Detroit 1 |
BOTTOM OF THE 4TH |
Detroit Tigers batting - Pitching for Seattle Mariners : LHP Angel Contreras
|
Batting: LHB Morgan Black
|
0-0: Foul Ball, location: 2F 0-1: Foul Ball, location: 2F 0-2: Ball 1-2: Ground out U3 (Groundball, 34, EV 110.6 MPH)
|
Batting: RHB Victor Quinones
|
0-0: Called Strike 0-1: Foul Ball, location: 2F 0-2: Ball 1-2: Foul Ball, location: 2F 1-2: Ball 2-2: Ball 3-2: Foul Ball, location: 2F 3-2: SINGLE (Flyball, 34D, EV 85.0 MPH)
|
Batting: RHB Luke Feeney
|
0-0: Foul Ball, location: 2F 0-1: Swinging Strike 0-2: Ball Victor Quinones steals 2nd base 1-2: Strikes out swinging
|
Batting: RHB Adrian Novakovic
|
0-0: Called Strike 0-1: Ball 1-1: Called Strike 1-2: Ball 2-2: Strikes out swinging
|
Bottom of the 4th over - 0 runs, 1 hit, 0 errors, 1 left on base; Seattle 4 - Detroit 1 |
TOP OF THE 5TH |
Seattle Mariners batting - Pitching for Detroit Tigers : RHP Franklin Rojas
|
Pitching: RHP Constantino Chamisso
|
|
Batting: LHB Dae-ik Yoon
|
0-0: Foul Ball, location: 2F 0-1: Ball 1-1: Ball 2-1: Swinging Strike 2-2: Fly out, F8 (Flyball, 78D, EV 99.4 MPH)
|
Batting: SHB Floyd-William Goof
|
0-0: Called Strike 0-1: Fly out, F8 (Flyball, 8LXD, EV 108.1 MPH)
|
Batting: SHB Tze-meng Gan
|
0-0: Ball 1-0: Ball 2-0: Ball 3-0: Base on Balls
|
Batting: RHB Jose Vasquez
|
0-0: Called Strike 0-1: Swinging Strike 0-2: Ball 1-2: Foul Ball, location: 2F 1-2: Fly out, F6 (Flyball, 56D, EV 72.5 MPH)
|
Top of the 5th over - 0 runs, 0 hits, 0 errors, 1 left on base; Seattle 4 - Detroit 1 |
BOTTOM OF THE 5TH |
Detroit Tigers batting - Pitching for Seattle Mariners : LHP Angel Contreras
|
Pitching: LHP Valery Sahanov
|
|
Batting: RHB Danny Eberhart
|
0-0: Ball 1-0: Fly out, F8 (Flyball, 8RXD, EV 107.5 MPH)
|
Batting: RHB Zach Koblinski
|
0-0: Called Strike 0-1: Ball 1-1: Ball 2-1: Ground out 4-3 (Groundball, 34, EV 90.6 MPH)
|
Batting: RHB Greg Harman
|
0-0: Ball 1-0: Ball 2-0: Foul Ball, location: 2F 2-1: Ball 3-1: Swinging Strike 3-2: Foul Ball, location: 2F 3-2: DOUBLE (Line Drive, 3D, EV 94.4 MPH)
|
Batting: RHB Ryan Neal
|
0-0: Foul Ball, location: 2F 0-1: Swinging Strike 0-2: Ball 1-2: Fly out, F8 (Flyball, 8LS, EV 89.4 MPH)
|
Bottom of the 5th over - 0 runs, 1 hit, 0 errors, 1 left on base; Seattle 4 - Detroit 1 |
TOP OF THE 6TH |
Seattle Mariners batting - Pitching for Detroit Tigers : RHP Constantino Chamisso
|
Batting: LHB Cliff Thomas
|
0-0: Ball 1-0: Foul Ball, location: 2F 1-1: Called Strike 1-2: Foul Ball, location: 2F 1-2: Ball 2-2: Strikes out swinging
|
Batting: RHB Corey Ottinger
|
0-0: Ball 1-0: Called Strike 1-1: Swinging Strike 1-2: Ball 2-2: Ground out U3 (Groundball, 3S, EV 66.3 MPH)
|
Batting: RHB Ivan Colon
|
0-0: Fly out, F6 (Popup, 6M, EV 65.6 MPH)
|
Top of the 6th over - 0 runs, 0 hits, 0 errors, 0 left on base; Seattle 4 - Detroit 1 |
BOTTOM OF THE 6TH |
Detroit Tigers batting - Pitching for Seattle Mariners : LHP Valery Sahanov
|
Batting: SHB Phil Zacharia
|
0-0: Called Strike 0-1: Ball 1-1: Swinging Strike 1-2: Ball 2-2: Foul Ball, location: 2F 2-2: Ball 3-2: Ground out 3-1 (Groundball, 34S, EV 86.9 MPH)
|
Batting: LHB Morgan Black
|
0-0: Ball 1-0: Swinging Strike 1-1: Ball 2-1: Ball 3-1: Base on Balls
|
Batting: RHB Victor Quinones
|
0-0: Ball 1-0: Called Strike 1-1: Ball 2-1: Grounds into double play, 3-6-1 (Groundball, 3, EV 99.4 MPH)
|
Bottom of the 6th over - 0 runs, 0 hits, 0 errors, 0 left on base; Seattle 4 - Detroit 1 |
TOP OF THE 7TH |
Seattle Mariners batting - Pitching for Detroit Tigers : RHP Constantino Chamisso
|
Batting: RHB Young-kwang Ohnn
|
0-0: Swinging Strike 0-1: SINGLE (Groundball, 6D, EV 97.5 MPH)
|
Batting: RHB Leon Alders
|
0-0: Swinging Strike 0-1: Ball 1-1: Swinging Strike 1-2: Foul Ball, location: 2F 1-2: Ball 2-2: Ball 3-2: SINGLE (Groundball, 25, EV 68.8 MPH) (infield hit) Young-kwang Ohnn to second
|
Pinch Hitting: LHB John Zumbo
|
0-0: Ball 1-0: Ball 2-0: Ball 3-0: Called Strike 3-1: Foul Ball, location: 2F 3-2: Foul Ball, location: 2F 3-2: Grounds into double play, 4-6-3 (Groundball, 4, EV 88.8 MPH) Young-kwang Ohnn to third
|
Pinch Hitting: LHB Bi-jun Chien
|
0-0: Called Strike 0-1: Ball 1-1: Foul Ball, location: 2F 1-2: Strikes out swinging
|
Top of the 7th over - 0 runs, 2 hits, 0 errors, 1 left on base; Seattle 4 - Detroit 1 |
BOTTOM OF THE 7TH |
Detroit Tigers batting - Pitching for Seattle Mariners : LHP Valery Sahanov
|
Pitching: RHP Kurt Loscalzo
|
|
Now at 1B: Leon Alders
|
|
Now at 2B: Steve Bartman Jr.
|
|
Now in LF: Bi-jun Chien
|
|
Now in RF: Cliff Thomas
|
|
Batting: RHB Luke Feeney
|
0-0: Swinging Strike 0-1: Called Strike 0-2: Strikes out swinging
|
Pitching: LHP David Anaya
|
|
Batting: RHB Adrian Novakovic
|
0-0: Ball 1-0: Called Strike 1-1: Ball 2-1: Called Strike 2-2: Fly out, F7 (Line Drive, 78M, EV 103.1 MPH)
|
Batting: RHB Danny Eberhart
|
0-0: Called Strike 0-1: Ball 1-1: Foul Ball, location: 2F 1-2: Foul Ball, location: 2F 1-2: SINGLE (Groundball, 4MD, EV 99.4 MPH)
|
Batting: RHB Zach Koblinski
|
0-0: Ball 1-0: Ball Danny Eberhart steals 2nd base 2-0: DOUBLE (Flyball, 89XD, EV 110.6 MPH) Danny Eberhart scores
|
Pinch Hitting: RHB Chris Wheatley
|
0-0: Called Strike 0-1: Foul Ball, location: 2F 0-2: Strikes out looking
|
Bottom of the 7th over - 1 run, 2 hits, 0 errors, 1 left on base; Seattle 4 - Detroit 2 |
TOP OF THE 8TH |
Seattle Mariners batting - Pitching for Detroit Tigers : RHP Constantino Chamisso
|
Pitching: RHP Chris Haselhorst
|
|
Now at 1B: Chris Wheatley
|
|
Batting: SHB Tze-meng Gan
|
0-0: Ball 1-0: Ball 2-0: Foul Ball, location: 2F 2-1: Ball 3-1: Base on Balls
|
Pinch Hitting: LHB Jerrod Cluck
|
0-0: Called Strike 0-1: Grounds into double play, 6-4-3 (Groundball, 6, EV 93.1 MPH)
|
Pinch Hitting: RHB Jonathan Rangel
|
0-0: Called Strike 0-1: Ball 1-1: Swinging Strike 1-2: Fly out, F8 (Flyball, 8LS, EV 88.1 MPH)
|
Top of the 8th over - 0 runs, 0 hits, 0 errors, 0 left on base; Seattle 4 - Detroit 2 |
BOTTOM OF THE 8TH |
Detroit Tigers batting - Pitching for Seattle Mariners : LHP David Anaya
|
Pitching: RHP Bo Chia
|
|
Now in CF: Jonathan Rangel
|
|
Now in RF: Jerrod Cluck
|
|
Pinch Hitting: RHB Brady Jeleniewski
|
0-0: Swinging Strike 0-1: Foul Ball, location: 2F 0-2: Strikes out looking
|
Pinch Hitting: LHB Tyler Davis
|
0-0: Ball 1-0: Called Strike 1-1: Swinging Strike 1-2: Ball 2-2: Ball 3-2: SINGLE (Groundball, 4D, EV 105.0 MPH)
|
Pinch Hitting: SHB Raul Morales
|
0-0: Ball 1-0: Ball 2-0: Called Strike 2-1: Foul Ball, location: 2F 2-2: Foul Ball, location: 2F 2-2: Strikes out swinging
|
Batting: RHB Randy Shrewsbury
|
0-0: Called Strike 0-1: Fly out, F4 (Popup, 34, EV 64.4 MPH)
|
Bottom of the 8th over - 0 runs, 1 hit, 0 errors, 1 left on base; Seattle 4 - Detroit 2 |
TOP OF THE 9TH |
Seattle Mariners batting - Pitching for Detroit Tigers : RHP Chris Haselhorst
|
Now at 2B: Brady Jeleniewski
|
|
Now at 3B: Danny Eberhart
|
|
Now in LF: Raul Morales
|
|
Now in CF: Tyler Davis
|
|
Pinch Hitting: SHB Nelson Powell
|
0-0: Ball 1-0: Foul Ball, location: 2F 1-1: Foul Ball, location: 2F 1-2: SINGLE (Groundball, 34D, EV 102.5 MPH)
|
Batting: RHB Ivan Colon
|
0-0: Ball 1-0: Called Strike 1-1: Ball 2-1: Bunt - Flyout to 13! F1
|
Batting: RHB Young-kwang Ohnn
|
0-0: Ball 1-0: Ball 2-0: Called Strike 2-1: Fly out, F6 (Popup, 6M, EV 74.4 MPH)
|
Batting: RHB Leon Alders
|
0-0: Ball 1-0: Called Strike 1-1: Called Strike 1-2: Ball 2-2: Foul Ball, location: 2F 2-2: Fly out, F4 (Popup, 34, EV 59.4 MPH)
|
Top of the 9th over - 0 runs, 1 hit, 0 errors, 1 left on base; Seattle 4 - Detroit 2 |
BOTTOM OF THE 9TH |
Detroit Tigers batting - Pitching for Seattle Mariners : RHP Bo Chia
|
Now at C: Nelson Powell
|
|
Now at 3B: Young-kwang Ohnn
|
|
Pinch Hitting: LHB Jamel Alexander
|
0-0: Ball 1-0: Called Strike 1-1: Foul Ball, location: 2F 1-2: Ground out 6-3 (Groundball, 6, EV 99.4 MPH)
|
Pinch Hitting: LHB Adam Lancaster
|
0-0: Called Strike 0-1: Swinging Strike 0-2: Foul Ball, location: 2F 0-2: Strikes out swinging
|
Pinch Hitting: RHB Dave Reynolds
|
0-0: Called Strike 0-1: Foul Ball, location: 2F 0-2: Strikes out swinging
|
Bottom of the 9th over - 0 runs, 0 hits, 0 errors, 0 left on base; Seattle 4 - Detroit 2 |
|